 Dungeon Crawl Stone Soup version 0.31-a0-662-g684573625c (webtiles) character file.

Game seed: 4637670840474102573

81465 rjrrt the Severer (level 15, -5/180 HPs)
             Began as a Demonspawn Berserker on Sept 1, 2023.
             Was the Champion of Trog.
             Killed from afar by Frances (45 damage)
             ... with an entropic shot
             ... on level 13 of the Dungeon.
             The game lasted 00:48:17 (19842 turns).

rjrrt the Severer (Demonspawn Berserker)           Turns: 19842, Time: 00:48:17

Health: -5/180     AC: 30    Str: 23    XL:     15   Next: 26%
Magic:  15/15      EV: 16    Int:  9    God:    Trog [******]
Gold:   972        SH:  5    Dex: 14    Spells: 14/14 levels left

rFire   + . .        a - +7 executioner's axe (venom)
rCold   . . .        (shield currently unavailable)
rNeg    . . .        G - +4 ring mail {rF+}
rPois   .            I - +2 helmet
rElec   .            Q - +2 cloak
rCorr   .            (no gloves)
SInv    +            (no boots)
Will    +....        m - amulet of reflection Stlth
                     u - +5 ring of evasion
HPRegen 0.50/turn    J - ring of see invisible
MPRegen 0.14/turn

%: reflection
@: berserking, sanguine armoured, very quick
A: hooves 2, powered by death 2, spiny 2, sanguine armour 3, corrupting presence
1
a: Renounce Religion, Berserk, Trog's Hand, Brothers in Arms


You were on level 13 of the Dungeon.
You worshipped Trog.
Trog was exalted by your worship.
You visited 3 branches of the dungeon, and saw 20 of its levels.
You also visited: Volcano.

You collected 2099 gold pieces.
You spent 1127 gold pieces at shops.

Inventory:

Hand Weapons
 a - a +7 executioner's axe of venom (weapon)
 b - a +2 spear of flaming
 f - a +1 battleaxe of flaming
Missiles
 h - 5 throwing nets
 B - 32 boomerangs (quivered)
Armour
 G - a +4 ring mail of fire resistance (worn)
 I - a +2 helmet (worn)
 Q - a +2 cloak (worn)
Jewellery
 m - an amulet of reflection (around neck)
 u - a +5 ring of evasion (left hand)
 x - a ring of protection from cold
 J - a ring of see invisible (right hand)
 N - a ring of flight
Wands
 c - a wand of quicksilver (7)
 w - a wand of mindburst (17)
 y - a wand of polymorph (21)
 C - a wand of charming (8)
 F - a wand of iceblast (10)
 K - a wand of digging (6)
 L - a wand of flame (17)
Scrolls
 d - 3 scrolls of revelation
 n - 2 scrolls of butterflies
 o - 2 scrolls of blinking
 q - 3 scrolls of immolation
 r - a scroll of teleportation
 s - 2 scrolls of enchant weapon
 v - 2 scrolls of enchant armour
 H - a scroll of fear
 M - a scroll of poison
Potions
 e - 3 potions of enlightenment
 g - 5 potions of curing
 i - 2 potions of cancellation
 j - 2 potions of haste
 k - 3 potions of might
 l - 4 potions of lignification
 p - a potion of attraction
 t - a potion of mutation
 z - 2 potions of resistance
 A - 4 potions of heal wounds
 D - 2 potions of magic {unknown}
 E - a potion of invisibility {unknown}
 P - 2 potions of ambrosia


   Skills:
 + Level 11.9 Fighting
 * Level 18.6 Axes
 + Level 10.7 Armour
 - Level 1.7 Dodging
 + Level 9.9 Evocations


You had 14 spell levels left.
You didn't know any spells.
Your spell library was empty.

Dungeon Overview and Level Annotations

Branches:
Dungeon (13/15)            Temple (0/1) D:7            Lair (5/5) D:11
 Shoals (0/4) Lair:2        Snake (0/4) Lair:2        Slime (0/5) Lair:5
    Orc (2/2) D:12            Elf (0/3) Orc:2       Volcano (visited)
 Vaults: D:13-14

Altars:
Ashenzari
Qazlal
Vehumet
Wu Jian
Xom

Shops:
D:5 *(?   Orc:2 =[*!

Portals:
Pandemonium: Orc:2

Annotations:
D:13 Frances, Urug


Innate Abilities, Weirdness & Mutations

You have hoof-like feet.
You regenerate health from kills.
You are mostly covered in sharp spines.
When seriously injured, your blood forms very thick armour. (AC +12)
Your presence sometimes corrodes those you injure.


Message History

Frances is poisoned.
Frances is moderately wounded.
You barely miss the ufetubus.
Frances screams a word of power!
The entropic shot misses you.
The ufetubus hits you but does no damage.
The ufetubus barely misses you.
You are too injured to fight recklessly!
Unknown command.
You slice Frances!!
Frances looks as sick as possible!
Frances is heavily wounded.
You miss the ufetubus. You barely miss the ufetubus.
Frances is struck by your spines. Frances hits you with a +0 trident!!
* * * LOW HITPOINT WARNING * * *
The ufetubus closely misses you. The ufetubus barely misses you.
Unknown command.
You are too injured to fight recklessly!
You slash Frances!
Frances seems to be corroded for longer.
Frances looks as sick as possible!
You kick Frances!
Frances is severely wounded.
You hit the ufetubus.
The ufetubus is poisoned.
You barely miss the ufetubus. You closely miss the ufetubus.
Frances is struck by your spines. Frances hits you but does no damage.
The ynoxinul gestures.
The ufetubus barely misses you.
The ufetubus hits you but does no damage.
The ufetubus misses you. You block the ufetubus's attack.
Urug squints, then shrugs and mutters, "Close enough."
Urug throws a javelin.
The javelin misses you.
Unknown command.
Unknown command.
You closely miss Frances.
Frances is severely wounded.
You closely miss the ufetubus. x2; You slice the ufetubus!!
You kill the ufetubus!
The ufetubus disappears in a puff of smoke!
Frances mutters in a terrible tongue.
The entropic shot hits you!!!
You die...

..# #.....@....# #....
#+##.# ###..........# #####
.....# +........##### ....<#
###......# .....# #.......#
.....##########.3..5###
#+##.........<...o..####
#....########.##.@3.5..#
#....# #)..@J5.5..# #....#
##..5ยง5....# #....#
######.........#
#....####...##.....#..#.....
#....'..'.....###..##.######
.....####...#.####.#......#
###### #...#.#..###.####.#
..........#...#...
#######......###.#


You could see Frances (fast, extremely poisoned, corroded), Urug, a slime
creature, a soul eater (summoned), a ynoxinul (summoned) and 6 ufetubi.

Vanquished Creatures
  An ettin (Orc:2)
  Josephine (D:10)
  A catoblepas (Lair:3)
  Fannar (D:10)
  2 hydras
  A boulder beetle (D:13)
  A centaur warrior (D:13)
  3 demonspawn (Orc:2)
  6 two-headed ogres
  3 orc high priests (Orc:2)
  A hell knight (Volcano)
  A salamander mystic (Volcano)
  3 skysharks
  7 orc knights
  9 orc sorcerers
  4 salamanders (Volcano)
  4 cyclopes
  2 manticores
  11 elephants
  Maurice (Orc:1)
  A molten gargoyle (Volcano)
  A rust devil (Orc:2)
  23 cane toads
  2 torpor snails (Lair:3)
  2 orange demons (Orc:2)
  2 black mambas
  5 gargoyles
  Maggie (D:10)
  A freezing wraith (D:13)
  An unseen horror (D:11)
  2 kobold demonologists
  2 rime drakes
  7 komodo dragons
  A hellwing (Orc:2)
  3 polar bears
  5 trolls
  8 hornets
  24 blink frogs
  3 dream sheep
  Prince Ribbit (D:9)
  5 slime creatures (D:12)
  A spriggan (D:9)
  2 shadows
  6 wraiths
  49 yaks
  2 basilisks
  A vampire (D:12)
  6 wyverns
  A fire bat (Volcano)
  5 vampire mosquitoes
  2 wargs
  2 acid dragons
  4 nagas (Lair:2)
  10 water moccasins
  2 floating eyes (D:10)
  28 orc warriors
  A sky beast (Orc:1)
  2 ice beasts (D:6)
  3 ogres
  4 black bears
  8 centaurs
  29 wolves
  2 phantoms (D:6)
  4 kobold brigands
  2 scorpions
  15 bullfrogs
  3 gnoll sergeants
  15 wights
  25 killer bees
  3 electric eels (Lair:5)
  5 howler monkeys
  3 vampire bats (Lair:2)
  A lava snake (Volcano)
  2 hounds (D:5)
  2 jellies (D:6)
  29 orc priests
  2 iguanas
  Jessica (D:2)
  7 hell rats (Lair:3)
  A sleepcap (D:4)
  15 orc wizards
  19 gnolls
  9 adders
  A shadow imp (D:7)
  A white imp (D:6)
  2 ufetubi
  2 worms
  5 dart slugs
  81 orcs
  10 bats
  An endoplasm (D:2)
  3 giant cockroaches
  6 goblins
  8 hobgoblins
  5 jackals
  34 kobolds
  4 quokkas
  11 ball pythons
  6 frilled lizards
  4 rats
680 creatures vanquished.

Vanquished Creatures (collateral kills)
  A war gargoyle (D:12)
  Nessos (Lair:3)
  Harold (D:9)
  An orc knight (Orc:1)
  2 gargoyles (D:12)
  A troll (D:10)
  A wraith (D:10)
  An orc warrior (Orc:1)
  2 kobolds (D:9)
11 creatures vanquished.

Vanquished Creatures (others)
  A gargoyle (D:12)
  A wraith (D:10)
  A gnoll (D:10)
3 creatures vanquished.

Grand Total: 694 creatures vanquished

Notes
Turn   | Place    | Note
-------+----------+-------------------------------------------
     0 | D:1      | rjrrt the Demonspawn Berserker began the quest for the Orb.
     0 | D:1      | Reached XP level 1. HP: 18/18 MP: 1/1
   219 | D:1      | Reached skill level 3 in Axes
   270 | D:1      | Gained mutation: You have large cloven feet. [demonic
                  | ancestry]
   270 | D:1      | Reached XP level 2. HP: 22/24 MP: 2/2
   606 | D:1      | Noticed a shining eye
   607 | D:1      | Found a faded altar of an unknown god.
   609 | D:1      | Noticed a great orb of eyes
   609 | D:1      | Noticed a golden eye
   609 | D:1      | Noticed a floating eye
   888 | D:2      | Gained mutation: You are partially covered in sharp spines.
                  | [demonic ancestry]
   888 | D:2      | Reached XP level 3. HP: 25/28 MP: 3/3
   891 | D:2      | Reached skill level 4 in Axes
  1006 | D:2      | Gained mutation: You are mostly covered in sharp spines.
                  | [demonic ancestry]
  1006 | D:2      | Reached XP level 4. HP: 30/35 MP: 4/4
  1234 | D:2      | Noticed Jessica
  1240 | D:2      | Killed Jessica
  1362 | D:2      | Reached skill level 5 in Axes
  1427 | D:2      | Gained mutation: You regenerate a little health from kills.
                  | [demonic ancestry]
  1427 | D:2      | Reached XP level 5. HP: 37/41 MP: 5/5
  1487 | D:2      | Reached ** piety under Trog
  1516 | D:2      | Found a broken altar of Ashenzari.
  1926 | D:3      | Found a stormy altar of Qazlal.
  2446 | D:4      | Reached skill level 6 in Axes
  2493 | D:4      | Gained mutation: When seriously injured, your blood forms
                  | armour. (AC +12) [demonic ancestry]
  2493 | D:4      | Reached XP level 6. HP: 41/47 MP: 6/6
  2594 | D:4      | Found a shimmering altar of Xom.
  2594 | D:4      | Found an ornate altar of the Wu Jian Council.
  2594 | D:4      | Found a radiant altar of Vehumet.
  3481 | D:5      | Entered Level 5 of the Dungeon
  3551 | D:5      | Reached *** piety under Trog
  3597 | D:5      | Found Hukheb's Fire Supplies.
  3615 | D:5      | Reached skill level 7 in Axes
  3767 | D:5      | Found Maxemp's Antique Weapon Shop.
  3767 | D:5      | Found Tomehukuez's Magic Scroll Shoppe.
  3823 | D:5      | Reached XP level 7. HP: 45/52 MP: 7/7
  4021 | D:5      | Reached skill level 8 in Axes
  4695 | D:5      | Bought a runed battleaxe for 199 gold pieces
  4735 | D:6      | Noticed a yak
  4735 | D:6      | Noticed a yak
  4735 | D:6      | Noticed a yak
  4748 | D:6      | Noticed a yak
  4754 | D:6      | Killed a yak
  4754 | D:6      | Killed a yak
  4755 | D:6      | Reached skill level 9 in Axes
  4755 | D:6      | Gained mutation: You regenerate health from kills. [demonic
                  | ancestry]
  4755 | D:6      | Reached XP level 8. HP: 58/58 MP: 8/8
  4763 | D:6      | Reached skill level 10 in Axes
  4912 | D:6      | You fall into a shaft and drop 1 floor!
  5140 | D:6      | Reached skill level 11 in Axes
  5146 | D:6      | Gained mutation: When seriously injured, your blood forms
                  | thick armour. (AC +12) [demonic ancestry]
  5146 | D:6      | Reached XP level 9. HP: 59/63 MP: 9/9
  5669 | D:7      | Reached **** piety under Trog
  5709 | D:7      | Reached skill level 12 in Axes
  5797 | D:7      | Found a staircase to the Ecumenical Temple.
  6318 | D:8      | Reached skill level 1 in Evocations
  6470 | D:8      | Reached ***** piety under Trog
  6472 | D:8      | Reached XP level 10. HP: 65/71 MP: 10/10
  7395 | D:9      | Reached skill level 13 in Axes
  7555 | D:9      | Noticed Harold
  7573 | D:9      | Killed Harold
  7574 | D:9      | Reached skill level 5 in Fighting
  7578 | D:9      | Identified the +0 robe of the Immovable Wonders {Fly Str+3}
  7897 | D:9      | Noticed Prince Ribbit
  7904 | D:9      | Killed Prince Ribbit
  8113 | D:9      | Noticed a two-headed ogre
  8113 | D:9      | Noticed a two-headed ogre
  8119 | D:9      | Killed a two-headed ogre
  8123 | D:9      | Killed a two-headed ogre
  8124 | D:9      | Reached XP level 11. HP: 81/81 MP: 11/11
  8174 | D:9      | Found the +10 pair of quick blades "Gyre" and "Gimble"
                  | {protect}
  8292 | D:10     | Entered Level 10 of the Dungeon
  8308 | D:10     | Noticed Maggie
  8321 | D:10     | Killed Maggie
  8322 | D:10     | Reached skill level 5 in Armour
  8322 | D:10     | Noticed Josephine
  8332 | D:10     | Reached skill level 5 in Evocations
  8340 | D:10     | Killed Josephine
  8343 | D:10     | Reached skill level 14 in Axes
  8399 | D:10     | Noticed a two-headed ogre
  8408 | D:10     | Killed a two-headed ogre
  8644 | D:10     | Noticed Fannar
  8655 | D:10     | Killed Fannar
  8884 | D:10     | Paralysed by a floating eye for 2 turns
  8888 | D:10     | Paralysed by a floating eye for 3 turns
  8904 | D:10     | Noticed an orc sorcerer
  8906 | D:10     | Paralysed by a hornet for 2 turns
  8914 | D:10     | Killed an orc sorcerer
  8915 | D:10     | Paralysed by a hornet for 3 turns
  9217 | D:11     | Found a staircase to the Lair.
  9264 | D:11     | Gained mutation: When seriously injured, your blood forms
                  | very thick armour. (AC +12) [demonic ancestry]
  9264 | D:11     | Reached XP level 12. HP: 83/91 MP: 12/12
 10487 | Lair:1   | Entered Level 1 of the Lair of Beasts
 10556 | Lair:1   | Reached skill level 15 in Axes
 11401 | Lair:2   | Found a dark tunnel.
 11419 | Volcano  | Entered a volcano
 11477 | Volcano  | Found a radiant altar of Vehumet.
 11491 | Volcano  | Gained mutation: You have hoof-like feet. [demonic
                  | ancestry]
 11491 | Volcano  | Reached XP level 13. HP: 17/100 MP: 8/13
 11907 | Volcano  | Reached skill level 16 in Axes
 12072 | Lair:2   | Found a staircase to the Shoals.
 12089 | Lair:2   | Identified the +2 short sword of Misery {heavy, *Noise Fly
                  | rElec rC+++} (Trog gifted it to you on level 2 of the Lair
                  | of Beasts)
 12089 | Lair:2   | Received a gift from Trog
 12163 | Lair:2   | Reached ****** piety under Trog
 12435 | Lair:2   | Found a staircase to the Snake Pit.
 13491 | Lair:3   | Reached skill level 10 in Fighting
 13723 | Lair:3   | Noticed Nessos
 13731 | Lair:3   | Killed Nessos
 13731 | Lair:3   | Received a gift from Trog
 14230 | Lair:4   | Reached skill level 17 in Axes
 14480 | Lair:4   | Found the +2 hat of the Bear Spirit {Spirit, Bear, *Rage
                  | Will++}
 14851 | Lair:5   | Entered Level 5 of the Lair of Beasts
 14979 | Lair:5   | Gained mutation: Your presence sometimes corrodes those you
                  | injure. [demonic ancestry]
 14979 | Lair:5   | Reached XP level 14. HP: 110/110 MP: 14/14
 15041 | Lair:5   | Found a staircase to the Slime Pits.
 16496 | D:12     | Noticed a war gargoyle
 16496 | D:12     | Received a gift from Trog
 16506 | D:12     | Killed a war gargoyle
 16719 | D:12     | Found a staircase to the Orcish Mines.
 16729 | D:12     | Reached skill level 10 in Armour
 17462 | Orc:1    | Entered Level 1 of the Orcish Mines
 17551 | Orc:1    | Noticed Maurice
 17561 | Orc:1    | Killed Maurice
 17764 | Orc:1    | Noticed Sonja
 17787 | Orc:1    | Sonja changed into Sonja the sky beast
 17787 | Orc:1    | Noticed Sonja
 17789 | Orc:1    | Killed Sonja the sky beast
 17824 | Orc:1    | Reached skill level 18 in Axes
 18086 | Orc:2    | Entered Level 2 of the Orcish Mines
 18471 | Orc:2    | Received a gift from Trog
 18481 | Orc:2    | Found a staircase to the Elven Halls.
 18653 | Orc:2    | Found Jamemuxt's Distillery.
 18680 | Orc:2    | Found Etou's General Store.
 18740 | Orc:2    | Bought 2 potions of ambrosia for 240 gold pieces
 18740 | Orc:2    | Bought a potion of haste for 150 gold pieces
 18740 | Orc:2    | Bought a potion of resistance for 150 gold pieces
 18995 | Orc:2    | Paralysed by an orc sorcerer for 5 turns
 19127 | Orc:2    | Reached XP level 15. HP: 114/119 MP: 15/15
 19189 | Orc:2    | Found Gukux's Antique Armour Shop.
 19189 | Orc:2    | Found Menwe's Jewellery Boutique.
 19190 | Orc:2    | Found a one-way gate leading to the halls of Pandemonium.
 19195 | Orc:2    | Paralysed by an orc sorcerer for 3 turns
 19208 | Orc:2    | Bought a glowing cloak for 255 gold pieces
 19497 | D:13     | Received a gift from Trog
 19656 | Orc:2    | Bought a scroll of brand weapon for 133 gold pieces
 19814 | D:13     | Noticed Frances
 19814 | D:13     | Noticed Urug
 19842 | D:13     | Killed from afar by Frances

Illustrated notes

Levels and vault maps discovered:
D:1:      dpeg_arrival_pond, layout_basic,
          hellmonk_ecumenical_altar_watching_god
D:2:      layout_loops_cross, basic_altar, nicolae_half_adder, uniq_jessica
D:3:      minmay_door_path, layout_basic,
          mainiacjoe_overflow_concentric_impassable, grunt_qazlal_clouds
D:4:      layout_basic, gammafunk_temple_overflow_forgotten,
          nicolae_concentric_dashed_squares_wild
D:5:      layout_basic, minivault_14, nicolae_shop_fire_sale
          [nicolae_sub_dead_trees], nicolae_wooded_promenade
D:6:      layout_rooms, small_statue_intersection, nicolae_nh_ransacked_shop
D:7:      layout_basic, temple_hall
D:8:      hellmonk_crumbling_castle, layout_loops_ring, nicolae_eternal_life
D:9:      layout_stronghold, hellmonk_guarded_unrand_gyre_and_gimble,
          uniq_harold, uniq_prince_ribbit1
D:10:     hellmonk_paralyzer, layout_cave_pools, uniq_josephine, uniq_maggie,
          uniq_fannar
D:11:     layout_layer_cave, grunt_lair_entry_orc_guard_hut
D:12:     gargoyle_guard, layout_basic, hiddenorc1_lemuel
D:13:     lemuel_slime, layout_basic, nicolae_doodle_vault, uniq_frances,
          uniq_urug
Lair:1:   layout_chaotic_city, grunt_megastairs_4
Lair:2:   layout_long_grid, minmay_shoals_entry_centaurs,
          guppyfry_snake_entry_island, lightli_volcano_entry_magma_tube,
          roderic_batcave
Lair:3:   layout_cave_pods, minmay_holes, uniq_nessos
Lair:4:   layout_hall_layers, grunt_megastairs_2, serial_bayou_shore_b
Lair:5:   minmay_lair_end_frog_pond, layout_layer_cave, slime_entry_1
Orc:1:    layout_diamond_mine, uniq_maurice, uniq_sonja
Orc:2:    pf_orc_diabolical, layout_caves, hangedman_feature_mirror

Skill      XL: |  1  2  3  4  5  6  7  8  9 10 11 12 13 14 |
---------------+-------------------------------------------+-----
Axes           | 3 4 5 6 7 9 11 12 13 14 15 17 18 | 18.6
Armour         | 3 4 6 7 9 10 | 10.7
Evocations     | 2 4 6 8 9 |  9.9
Fighting       | 4 5 7 8 10 11 | 11.9
Dodging        | |  1.7

Action                     |  1- 3 |  4- 6 |  7- 9 | 10-12 | 13-15 || total
---------------------------+-------+-------+-------+-------+-------++-------
  Melee: Hand axe          |    40 |       |       |       |       ||    40
         Punch             |     1 |     1 |     1 |       |       ||     3
         Whip              |    39 |    41 |       |       |       ||    80
         Kick              |     7 |    33 |    29 |   117 |   261 ||   447
         Spear             |       |   119 |    31 |       |       ||   150
         Battleaxe         |       |       |   108 |   356 |   731 ||  1195
         Executioner's axe |       |       |       |       |     9 ||     9
  Throw: Boomerang         |       |       |       |       |     1 ||     1
 Invoke: Berserk           |     1 |     1 |     4 |    11 |     4 ||    21
         Brothers in Arms  |       |       |       |     2 |     3 ||     5
  Evoke: Wand              |       |       |       |       |    14 ||    14
    Use: Scroll            |       |    10 |     6 |     8 |     4 ||    28
         Potion            |       |       |       |     1 |     2 ||     3
 Armour: Animal skin       |    15 |       |       |       |       ||    15
         Ring mail         |    34 |    39 |    38 |       |   397 ||   508
         Plate armour      |       |       |    35 |   302 |     4 ||   341
         Chain mail        |       |       |       |       |     1 ||     1
  Dodge: Dodged            |    47 |    37 |    71 |   195 |   436 ||   786
  Block: Other             |       |    16 |    31 |   100 |   149 ||   296
         Reflection        |       |       |       |     2 |    12 ||    14

Table legend: (Time is in decaauts)
 A = Elapsed time spent in this place.
 B = Non-inter-level travel time spent in this place.
 C = Inter-level travel time spent in this place.
 D = Time resting spent in this place.
 E = Time spent auto-exploring this place.
 F = Levels seen in this place.
 G = Mean time per level.
                   A        B        C        D        E       F      G
               +--------+--------+--------+--------+--------+-----+--------+
         Total |  19957 |  18944 |   1013 |   1770 |  12461 |  21 |  950.3 |
       Dungeon |  12042 |  11417 |    625 |    842 |   8209 |  13 |  926.3 |
          Lair |   5371 |   5144 |    227 |    305 |   3659 |   5 | 1074.2 |
  Orcish Mines |   2005 |   1844 |    161 |    323 |    592 |   2 | 1002.5 |
       Volcano |    536 |    536 |      0 |    298 |      0 |   1 |  536.0 |
               +--------+--------+--------+--------+--------+-----+--------+

Top non-repeatable levels by time:
  Lair:5: 1411 daAuts
   Orc:2: 1347 daAuts
    D:11: 1340 daAuts
     D:5: 1247 daAuts
  Lair:3: 1222 daAuts
    D:12: 1153 daAuts
     D:4: 1124 daAuts
     D:8: 1078 daAuts
     D:9: 1062 daAuts
  Lair:2: 1060 daAuts
    D:10: 917 daAuts
     D:2: 890 daAuts
     D:1: 888 daAuts
  Lair:4: 843 daAuts
     D:6: 842 daAuts
